 Dungeon Crawl Stone Soup version 0.24.0-37-gcf1ca852f1 (webtiles) character file.

Game seed: 5322039136466461263, levelgen mode: deterministic

431 FishyPogo the Charmwright (level 7, -2/55 (56) HPs)
             Began as a Gnoll Skald on Nov 24, 2019.
             Was a Believer of Ru.
             Slain by Edmund
             ... wielding a +2 dire flail of protection
              (10 damage)
             ... on level 4 of the Dungeon.
             The game lasted 00:13:02 (2845 turns).

FishyPogo the Charmwright (Gnoll Skald)             Turns: 2845, Time: 00:13:03

HP:   -2/55 (56)    AC:  5    Str: 15    XL:     7   Next: 0%
MP:   1/15          EV: 14    Int: 15    God:    Ru [**....]
Gold: 263           SH:  0    Dex: 15    Spells: 5/16 levels left

rFire    . . .     SeeInvis .   a - +1 spear
rCold    . . .     Gourm    .   (no shield)
rNeg     . . .     Faith    .   b - +0 leather armour
rPois    .         Spirit   .   (no helmet)
rElec    .         Reflect  .   (no cloak)
rCorr    .         Harm     .   e - +1 pair of gloves
MR       .....                  (no boots)
Stlth    ++........             (no amulet)
HPRegen  1.18/turn              (no ring)
MPRegen  0.14/turn              (no ring)

@: infused, regenerating
A: distributed training, fangs 1, inability to use devices, strong nose
a: Renounce Religion


You were on level 4 of the Dungeon.
You worshipped Ru.
Ru was pleased with you.
You were hungry.

You visited 1 branch of the dungeon, and saw 5 of its levels.

You collected 263 gold pieces.

Inventory:

Hand Weapons
 a - a +1 spear (weapon)
 s - a +0 trident of piercing
Missiles
 h - 2 javelins (quivered)
 m - 14 poisoned darts
 p - 119 stones
Armour
 b - a +0 leather armour (worn)
 e - a +1 pair of gloves (worn)
Wands
 g - a wand of enslavement (10)
Scrolls
 j - a scroll of fear {unknown}
 l - a scroll of identify
 n - a scroll of enchant armour
Potions
 c - a potion of brilliance {unknown}
 f - a potion of flight {unknown}
 i - 2 potions of cancellation {unknown}
 k - a potion of agility {unknown}
 o - a potion of lignification {unknown}
 q - 5 potions of curing
 r - a potion of mutation {unknown}
 t - a potion of invisibility
Comestibles
 d - 7 rations


   Skills:
 + Level 5.1 Fighting
 + Level 2.1 Short Blades
 + Level 2.1 Long Blades
 + Level 2.1 Axes
 + Level 2.1 Maces & Flails
 + Level 5.1 Polearms
 + Level 2.1 Staves
 + Level 2.1 Slings
 + Level 2.1 Bows
 + Level 2.1 Crossbows
 + Level 2.1 Throwing
 + Level 3.4 Armour
 + Level 5.1 Dodging
 + Level 2.1 Stealth
 + Level 2.1 Shields
 + Level 2.1 Unarmed Combat
 + Level 5.4 Spellcasting
 + Level 1.7 Conjurations
 + Level 1.7 Hexes
 + Level 5.7 Charms
 + Level 1.7 Summonings
 + Level 1.7 Necromancy
 + Level 1.7 Translocations
 + Level 1.7 Transmutations
 + Level 1.7 Fire Magic
 + Level 1.7 Ice Magic
 + Level 1.7 Air Magic
 + Level 1.7 Earth Magic
 + Level 1.7 Poison Magic
 + Level 2.4 Invocations
   Level 0.0 Evocations


You had 5 spell levels left.
You knew the following spells:

 Your Spells              Type           Power        Failure   Level  Hunger
h - Regeneration          Chrm/Necr      ###.......   12%         3    ###....
j - Spectral Weapon       Hex/Chrm       ###.....     12%         3    ###....
p - Shroud of Golubria    Chrm/Tloc      ###...       6%          2    #......
u - Song of Slaying       Chrm           ###.....     2%          2    #......
y - Infusion              Chrm           ###.         1%          1    None

Your spell library contained the following spells:

 Spells                   Type           Power        Failure   Level  Hunger
 Confusing Touch          Hex            #.....       10%         1    None
 Confuse                  Hex            #.......     28%         3    ###....
 Gell's Gravitas          Tloc           #.........   28%         3    ###....
 Petrify                  Tmut/Erth      #.......     67%         4    ####...
 Metabolic Englaciation   Hex/Ice        #.........   95%         5    ######.
 Yara's Violent Unravell  Hex/Tmut       #.........   95%         5    ######.


Dungeon Overview and Level Annotations

Branches:
Dungeon (5/15)
 Temple: D:4-7

Altars:
Ru
Wu Jian

Annotations:
D:4 Edmund
D:5 2 runed translucent doors, Delamore's ghost, amateur HOFi


Innate Abilities, Weirdness & Mutations

Your experience applies equally to all skills.
You have very sharp teeth.
You cannot study or use magical devices.
Your uncanny sense of smell can sniff out nearby items.


Message History

Edmund hits you but does no damage.
You barely miss Edmund.
Edmund is severely wounded.
Edmund misses you.
You hit Edmund.
Edmund is severely wounded.
Edmund barely misses you.
You hit Edmund but do no damage. You bite Edmund, but do no damage.
Edmund is severely wounded.
You hit Edmund but do no damage. Your bite misses Edmund.
Edmund is severely wounded.
Edmund hits you but does no damage.
You hit Edmund but do no damage.
Edmund is severely wounded.
Edmund hits you with a +2 dire flail of protection!
* * * LOW HITPOINT WARNING * * *
You barely miss Edmund.
Edmund is severely wounded.
Edmund hits you with a +2 dire flail of protection!
You die...

.....................
.........)..)........
.[.................>
..#....#...#...# #.
##..########.# #.
#.##.......
###.###.##.......
#................
#....@@..........
#.############### ∆


You could see Edmund.

Vanquished Creatures
  A necrophage (D:5)
  An ogre (D:5)
  A phantom (D:4)
  Terence (D:3)
  An orc wizard (D:4)
  A gnoll (D:5)
  5 adders
  An adder skeleton (D:4)
  A worm (D:2)
  3 leopard geckos
  6 orcs
  16 bats
  4 giant cockroaches
  5 goblins
  3 hobgoblins (D:1)
  3 jackals (D:1)
  A quokka (D:3)
  2 frilled lizards
  A jackal skeleton (D:4)
  7 kobolds
  5 rats
69 creatures vanquished.

Vanquished Creatures (others)
  A spectral weapon (D:4)
1 creature vanquished.

Grand Total: 70 creatures vanquished

Notes
Turn   | Place    | Note
-------+----------+-------------------------------------------
     0 | D:1      | FishyPogo the Gnoll Skald began the quest for the Orb.
     0 | D:1      | Reached XP level 1. HP: 20/20 MP: 6/6
   146 | D:1      | Reached XP level 2. HP: 26/26 MP: 2/7
   275 | D:1      | Learned a level 2 spell: Song of Slaying
   278 | D:1      | Learned a level 2 spell: Shroud of Golubria
   531 | D:1      | Reached XP level 3. HP: 31/31 MP: 3/9
   702 | D:1      | Reached skill level 5 in Spellcasting
   897 | D:2      | Found an ornate altar of the Wu Jian Council.
   957 | D:2      | Reached skill level 1 in Invocations
  1092 | D:2      | Reached skill level 1 in Short Blades
  1092 | D:2      | Reached skill level 1 in Long Blades
  1092 | D:2      | Reached skill level 1 in Axes
  1092 | D:2      | Reached skill level 1 in Maces & Flails
  1092 | D:2      | Reached skill level 1 in Staves
  1092 | D:2      | Reached skill level 1 in Slings
  1092 | D:2      | Reached skill level 1 in Bows
  1092 | D:2      | Reached skill level 1 in Crossbows
  1092 | D:2      | Reached skill level 1 in Throwing
  1092 | D:2      | Reached skill level 1 in Stealth
  1092 | D:2      | Reached skill level 1 in Shields
  1092 | D:2      | Reached skill level 1 in Unarmed Combat
  1092 | D:2      | Reached skill level 1 in Evocations
  1121 | D:2      | Reached XP level 4. HP: 38/38 MP: 6/11
  1469 | D:2      | Found a sacrificial altar of Ru.
  1475 | D:2      | Became a worshipper of Ru the Awakened
  1768 | D:3      | Learned a level 3 spell: Spectral Weapon
  1772 | D:3      | Learned a level 3 spell: Regeneration
  1901 | D:3      | You fall into a shaft and drop 2 floors!
  1901 | D:5      | Entered Level 5 of the Dungeon
  1911 | D:5      | Found a large runed translucent door.
  1911 | D:5      | Found a large runed translucent door.
  1915 | D:5      | Noticed Delamore's ghost (amateur HOFi)
  1943 | D:5      | Noticed an ogre
  1960 | D:5      | Killed an ogre
  1960 | D:5      | Reached skill level 1 in Conjurations
  1960 | D:5      | Reached skill level 1 in Hexes
  1960 | D:5      | Reached skill level 1 in Summonings
  1960 | D:5      | Reached skill level 1 in Necromancy
  1960 | D:5      | Reached skill level 1 in Translocations
  1960 | D:5      | Reached skill level 1 in Transmutations
  1960 | D:5      | Reached skill level 1 in Fire Magic
  1960 | D:5      | Reached skill level 1 in Ice Magic
  1960 | D:5      | Reached skill level 1 in Air Magic
  1960 | D:5      | Reached skill level 1 in Earth Magic
  1960 | D:5      | Reached skill level 1 in Poison Magic
  1960 | D:5      | Reached XP level 5. HP: 31/43 MP: 3/12
  2000 | D:5      | Noticed a necrophage
  2020 | D:5      | Killed a necrophage
  2020 | D:5      | Reached XP level 6. HP: 30/49 MP: 0/13
  2118 | D:4      | Noticed a phantom
  2129 | D:4      | Killed a phantom
  2129 | D:4      | Reached skill level 5 in Fighting
  2129 | D:4      | Reached skill level 5 in Polearms
  2129 | D:4      | Reached skill level 5 in Dodging
  2169 | D:4      | HP: 2/50 [orc/+0 whip of electrocution (7)]
  2448 | D:3      | Noticed Terence
  2460 | D:3      | Killed Terence
  2793 | D:4      | Reached XP level 7. HP: 55/55 MP: 12/15
  2794 | D:4      | Gained mutation: You cannot study or use magical devices.
                  | [Ru sacrifice]
  2794 | D:4      | Reached * piety under Ru
  2794 | D:4      | Reached ** piety under Ru
  2802 | D:4      | Noticed Edmund
  2832 | D:4      | HP: 2/55 [Edmund/+2 dire flail of protection (6)]
  2845 | D:4      | Slain by Edmund

Levels and vault maps discovered:
D:1:      evilmike_arrival_home_sweet_home, layout_basic
D:2:      layout_loops_ring, lemuel_coloured_pillars_altar,
          nicolae_ru_the_path_less_chosen
D:3:      layout_loops_cross, uniq_terence
D:4:      cheibrodos_quashed, layout_rooms, lemuel_doored_altar, uniq_edmund,
          uniq_crazy_yiuf_cottage
D:5:      layout_gridville, overflow_temple_1_default, first_ration,
          ebering_ghost_disaster_area, okawaru_ov_weapons_minmay

Skill      XL: |  1  2  3  4  5  6  7 |
---------------+----------------------+-----
Spellcasting   | 5 |  5.4
Invocations    | 1 2 |  2.4
Short Blades   | 1 2 |  2.1
Long Blades    | 1 2 |  2.1
Axes           | 1 2 |  2.1
Maces & Flails | 1 2 |  2.1
Staves         | 1 2 |  2.1
Slings         | 1 2 |  2.1
Bows           | 1 2 |  2.1
Crossbows      | 1 2 |  2.1
Throwing       | 1 2 |  2.1
Stealth        | 1 2 |  2.1
Shields        | 1 2 |  2.1
Unarmed Combat | 1 2 |  2.1
Evocations     | 1 2 0 |  0.0
Armour         | 3 |  3.4
Conjurations   | 1 |  1.7
Hexes          | 1 |  1.7
Summonings     | 1 |  1.7
Necromancy     | 1 |  1.7
Translocations | 1 |  1.7
Transmutations | 1 |  1.7
Fire Magic     | 1 |  1.7
Ice Magic      | 1 |  1.7
Air Magic      | 1 |  1.7
Earth Magic    | 1 |  1.7
Poison Magic   | 1 |  1.7
Fighting       | 5 |  5.1
Polearms       | 5 |  5.1
Dodging        | 5 |  5.1
Charms         | |  5.7

Action                   |  1- 3 |  4- 6 |  7- 9 || total
-------------------------+-------+-------+-------++-------
Melee: Spear             |    96 |   121 |    32 ||   249
       Bite              |     6 |    10 |     3 ||    19
       Punch             |       |     2 |       ||     2
 Cast: Infusion          |    13 |    10 |     1 ||    24
       Shroud of Golubri |     1 |     3 |     1 ||     5
       Spectral Weapon   |       |     5 |     1 ||     6
       Regeneration      |       |     4 |     3 ||     7
       Song of Slaying   |       |     2 |       ||     2
Invok: Sacrifice Artific |       |       |     1 ||     1
  Use: Scroll            |       |     6 |       ||     6
 Stab: Sleeping          |     3 |     2 |     1 ||     6
       Distracted        |       |     2 |       ||     2
  Eat: Chunk             |     1 |     6 |       ||     7
Armor: Leather armour    |    17 |    35 |     2 ||    54
Dodge: Dodged            |    55 |    89 |    10 ||   154
